 Dungeon Crawl Stone Soup version 0.29.0-15-g675c0067aa (webtiles) character file.

Game seed: 1775360590190827748

4 qw the Sneak (level 1, -2/14 HPs)
             Began as a Gargoyle Delver on Sept 11, 2022.
             Killed from afar by Blork the orc (6 damage)
             ... with a puff of flame
             ... on level 4 of the Dungeon.
             The game lasted 00:00:01 (22 turns).

qw the Sneak (Gargoyle Delver)                        Turns: 22, Time: 00:00:02

Health: -2/14      AC:  5    Str: 15    XL:     1   Next: 60%
Magic:  1/1        EV: 11    Int: 10    God:
Gold:   0          SH:  0    Dex: 11    Spells: 0/0 levels left

rFire   . . .      SeeInvis .   a - +0 hand axe
rCold   . . .      Faith    .   (no shield)
rNeg    + . .      Spirit   .   b - +0 leather armour
rPois   inf        Reflect  .   (no helmet)
rElec   +          Harm     .   (no cloak)
rCorr   .          Rampage  .   (no gloves)
Will    .....                   (no boots)
Stlth   +++.......              (no amulet)
HPRegen 0.04/turn               (no ring)
MPRegen 0.07/turn               (no ring)

@: no status effects
A: sickness immunity, AC +2, negative energy resistance 1, electricity
resistance, torment resistance 1, petrification resistance
a: no special abilities


You were on level 4 of the Dungeon.
You visited 1 branch of the dungeon, and saw 2 of its levels.


Innate Abilities, Weirdness & Mutations

You are immune to sickness and miasma.
Your stone body is resilient. (AC +2)
You are immune to poison.
You resist negative energy. (rN+)
You are resistant to electric shocks. (rElec)
You are resistant to unholy torment.
You are immune to petrification.


   Skills:
 - Level 3.2 Fighting
 + Level 2.1 Axes
 - Level 1.5 Dodging
 - Level 5.4 Stealth


You couldn't memorise any spells.
You didn't know any spells.
Your spell library was empty.

Inventory:

Hand Weapons
 a - a +0 hand axe (weapon)
Armour
 b - a +0 leather armour (worn)
Wands
 g - a wand of digging (3)
Potions
 f - a potion of haste

Dungeon Overview and Level Annotations

Branches:
Dungeon (5/15)
 Temple: D:4-7

Altars:

Annotations:
D:4 Blork the orc


Message History

The orc is heavily wounded.
The orc hits you with a +0 short sword.
You barely miss the orc.
The orc is heavily wounded.
The orc hits you but does no damage.
You barely miss the orc.
The orc is heavily wounded.
The orc barely misses you.
You barely miss the orc.
The orc is heavily wounded.
The orc shouts!
You hear an angry hiss.
The orc hits you with a +0 short sword.
Blork the orc comes into view.
He is wielding a +0 short sword.
The orc misses you.
Blork the orc moves out of view.
You hit the orc.
The orc is severely wounded.
The orc closely misses you.
A ball python comes into view.
You hit the orc.
You kill the orc!
Your Axes skill increases to level 2!
17 ||| Stepping ~*~*~tactically~*~*~ (hiding).
An orc comes into view. It is wielding a +0 trident.
The orc moves out of view.
You see here a +0 short sword.
You barely miss the orc. The orc hits you with a +0 whip.
You hit the orc but do no damage. The orc closely misses you.
You hit the orc.
The orc is heavily wounded.
The orc hits you but does no damage. The orc hits you with a +0 whip.
You hit the orc.
You kill the orc!
You hit Blork the orc but do no damage.
An orc comes into view. It is wielding a +0 whip.
The orc barely misses you.
Blork the orc gestures at you while chanting.
The puff of flame hits you.
You die...

o......# ......#
.....# g .....
... .. ...## |.
... o.. .. .
...o #.# .# ..
..... #@#..#...
....$.##o#.....
...og...gS.##...
........>.....!.
.....########...
.... .. ###


You could see Blork the orc, 2 orcs, a hobgoblin and a ball python.

Vanquished Creatures
  2 orcs (D:4)
2 creatures vanquished.

Notes
Turn   | Place    | Note
-------+----------+-------------------------------------------
     0 | D:5      | qw the Gargoyle Delver began the quest for the Orb.
     0 | D:5      | Reached XP level 1. HP: 14/14 MP: 1/1
     0 | D:5      | 0 ||| qw: Version: 0.1-a-118-gb4e7ce6
     0 | D:5      | 0 ||| qw: Game counter: 10332
     0 | D:5      | 0 ||| qw: Always use a shield: true
     0 | D:5      | 0 ||| qw: God list: Okawaru
     0 | D:5      | 0 ||| qw: Allow faded altars: false
     0 | D:5      | 0 ||| qw: Do Orc after D:15 true
     0 | D:5      | 0 ||| qw: Do second Lair branch before Depths: true
     0 | D:5      | 0 ||| qw: Lair rune preference: random
     0 | D:5      | 0 ||| qw: Plans: Normal
     0 | D:5      | 0 ||| PLANNING D:1-11
     0 | D:5      | 0 ||| DROPPING scroll of fog.
     1 | D:5      | 1 ||| DROPPING scroll of magic mapping.
     2 | D:5      | 2 ||| DROPPING scroll of fear.
     5 | D:5      | 5 ||| STAIRDANCE
     7 | D:4      | 7 ||| Stepping ~*~*~tactically~*~*~ (hiding).
     9 | D:4      | 9 ||| Stepping ~*~*~tactically~*~*~ (stealth).
    14 | D:4      | Noticed Blork the orc
    17 | D:4      | 17 ||| Stepping ~*~*~tactically~*~*~ (hiding).
    20 | D:4      | HP: 3/14 [orc/+0 whip (3)]
    22 | D:4      | Killed from afar by Blork the orc

Levels and vault maps discovered:
D:4:      layout_basic, general_overflow_altar,
          nicolae_gozag_cash_rules_everything_around_me,
          grunt_temple_overflow_open, uniq_grinder, uniq_blork_the_orc
D:5:      layout_cave_pools, nzn_overflow_gifts_of_might_and_magic,
          nicolae_overflow_crystal_walls, minmay_temple_entry_gardened_gates,
          uniq_ijyb

Skill      XL: |  1 |
---------------+----+-----
Axes           | 2 |  2.1
Fighting       | |  3.2
Dodging        | |  1.5
Stealth        | |  5.4

Action                   || total
-------------------------++-------
Melee: Hand axe          ||    11
Armor: Leather armour    ||     2
Dodge: Dodged            ||     5

Table legend:
 A = Non-vault XP
 B = Vault XP
 C = Vault XP percentage of total XP
 D = Non-vault monster count
 E = Vault monster count
 F = Vault count percentage of total count
                 A         B        C        D         E       F
            +---------+---------+-------+---------+---------+-------
      Total |       6 |       0 |   0.0 |       2 |       0 |   0.0
            +---------+---------+-------+---------+---------+-------
        D:4 |       6 |       0 |   0.0 |       2 |       0 |   0.0
            +---------+---------+-------+---------+---------+-------
